 Dungeon Crawl Stone Soup version 0.28-a0-537-g3bccd9ccbf (webtiles) character file.

Game seed: 11770559445327081098

25 Tocho the Slasher (level 3, -1/33 HPs)
             Began as a Naga Gladiator on Sept 27, 2021.
             Succumbed to an adder's poison
             ... on level 2 of the Dungeon.
             The game lasted 00:03:07 (1035 turns).

Tocho the Slasher (Naga Gladiator)                  Turns: 1035, Time: 00:03:07

Health: -1/33      AC:  4    Str: 22    XL:     3   Next: 6%
Magic:  3/3        EV: 10    Int:  8    God:
Gold:   71         SH:  0    Dex: 13    Spells: 2/2 levels left

rFire   . . .      SeeInvis +   a - +0 long sword
rCold   . . .      Faith    .   (no shield)
rNeg    . . .      Spirit   .   b - +0 leather armour
rPois   +          Reflect  .   c - +0 helmet
rElec   .          Harm     .   (no cloak)
rCorr   .          Rampage  .   g - +0 pair of gloves
Will    .....                   (no barding)
Stlth   +.........              (no amulet)
HPRegen 0.11/turn               f - +6 ring of strength
MPRegen 0.08/turn               (no ring)

@: mighty, lethally poisoned (-1 -> -6), very slow
A: AC +1, large, see invisible, deformed body, poison resistance, slowness 2,
spit poison 1, naga tail 1
a: Spit Poison


You were on level 2 of the Dungeon.
You visited 1 branch of the dungeon, and saw 2 of its levels.

You collected 71 gold pieces.

Inventory:

Hand Weapons
 a - a +0 long sword (weapon)
Missiles
 d - 3 throwing nets (quivered)
Armour
 b - a +0 leather armour (worn)
 c - a +0 helmet (worn)
 g - a +0 pair of gloves (worn)
Jewellery
 f - a +6 ring of strength (left hand)
Scrolls
 e - a scroll of identify {unknown}
 h - a scroll of fog {unknown}
 j - a scroll of brand weapon {unknown}
 k - a scroll of summoning {unknown}


   Skills:
 * Level 2.5 Fighting
 * Level 3.3 Long Blades
 + Level 2.0 Throwing
 * Level 2.7 Dodging


You had 2 spell levels left.
You didn't know any spells.
Your spell library contained the following spells:

 Spells                   Type           Power      Damage    Failure   Level
 Animate Skeleton         Necr           0%         N/A       45%         1
 Foxfire                  Conj/Fire      0%         2x1d4     45%         1
 Pain                     Necr           0%         1d4       45%         1
 Conjure Flame            Conj/Fire      0%         6-21      83%         3
 Inner Flame              Hex/Fire       0%         N/A       83%         3
 Vampiric Draining        Necr           0%         2d6       83%         3
 Flame Wave               Conj/Fire      0%         3d3       99%         4
 Summon Forest            Summ/Tloc      0%         N/A       100%        5
 Eringya's Noxious Bog    Tmut/Pois      0%         N/A       100%        6
 Summon Hydra             Summ           0%         N/A       100%        7


Dungeon Overview and Level Annotations

Branches:
Dungeon (2/15)

Altars:


Innate Abilities, Weirdness & Mutations

Your serpentine skin is tough. (AC +1)
You have supernaturally acute eyesight. (SInv)
Armour fits poorly on your strangely shaped body.
Your system is resistant to poisons. (rPois)
You cover ground very slowly.
You can spit poison.
You have a snake-like lower body.


Message History

The goblin hits you with a +0 club.
You hit the goblin.
You kill the goblin!
You barely miss the adder. The adder bites you.
You are poisoned.
The adder poisons you! The adder bites you.
Press: ? - help, Shift-Dir - straight line, f - adder
Aim: an adder The splash of poison misses the adder.
You feel sick. The adder misses you.
You closely miss the adder.
You feel sick. The adder closely misses you.
The adder bites you but does no damage.
You closely miss the adder.
You feel sick. The adder bites you.
You are more poisoned.
The adder poisons you! The adder closely misses you.
You closely miss the adder.
You feel very sick. The adder bites you but does no damage.
You closely miss the adder.
You have got your breath back.
You feel sick. The adder bites you. The adder bites you but does no damage.
You miss the adder.
You feel sick. The adder closely misses you.
The adder bites you but does no damage.
You miss the adder.
You feel sick. The adder bites you but does no damage.
You miss the adder.
You feel sick. The adder misses you. The adder bites you.
* * * LOW HITPOINT WARNING * * *
You miss the adder.
You feel sick.
You are no longer poisoned.
The adder barely misses you.
You hit the adder but do no damage. The adder bites you.
* * * LOW HITPOINT WARNING * * *
The adder bites you.
* * * LOW HITPOINT WARNING * * *
You barely miss the adder. The adder bites you.
* * * LOW HITPOINT WARNING * * *
You are lethally poisoned!
The adder poisons you! The adder misses you.
Unknown command.
It was a potion of might.
You feel very mighty all of a sudden.
You die...

#.... # ....
... ... ...
#.###.. .###
.....### ..
...#
#####....##....
.#.#
............#
...#
#######S#####
.#.# #@# ...#
##.# .#.# #..#
...# #.## .#.#
#.# ...# #.#
..## #.# .##
#.# ## #.#


You could see an adder.

Vanquished Creatures
  A dart slug (D:1)
  2 bats (D:1)
  2 endoplasms
  4 goblins
  A hobgoblin (D:2)
  3 jackals (D:1)
  3 kobolds
  A quokka (D:2)
  A ball python (D:2)
  A frilled lizard (D:2)
  A rat (D:2)
20 creatures vanquished.

Notes
Turn   | Place    | Note
-------+----------+-------------------------------------------
     0 | D:1      | Tocho the Naga Gladiator began the quest for the Orb.
     0 | D:1      | Reached XP level 1. HP: 19/19 MP: 1/1
   118 | D:1      | Reached XP level 2. HP: 18/27 MP: 2/2
   277 | D:1      | Found a faded altar of an unknown god.
   414 | D:1      | You fall into a shaft and drop 1 floor!
   680 | D:2      | Reached XP level 3. HP: 14/33 MP: 3/3
  1034 | D:2      | HP: 1/33 [adder (2)]
  1035 | D:2      | Succumbed to an adder's poison

Illustrated notes

Levels and vault maps discovered:
D:1:      wander_arrival_abandoned_jail, layout_rooms,
          ebering_ecumenical_altar_petrified, chequers_serial_rivers_small_b,
          chequers_serial_rivers_marsh, minmay_misc_feat_plants, minmay_domino_2
D:2:      layout_basic, serial_shops, nicolae_diamond_shop,
          serial_co_window_serial, co_window_paths_a, co_window_corner_a,
          co_window_corner_a, co_window_paths_a, co_window_corner_a,
          co_window_corner_a, co_window_corner_a, co_window_broadway_a,
          co_window_corner_b, co_window_of_opportunity_b,
          co_window_of_opportunity_b, co_window_of_opportunity_c,
          co_window_unsneaky_path_d, co_window_paths_d, glass_columns_b,
          glass_columns_a, glass_columns_a, glass_columns_c, uniq_terence

Skill      XL: |  1  2 |
---------------+-------+-----
Throwing       | 2 |  2.0
Fighting       | |  2.5
Long Blades    | |  3.3
Dodging        | |  2.7

Action                   || total
-------------------------++-------
Melee: Long sword        ||    51
 Abil: Spit Poison       ||     2
  Use: Potion            ||     1
Armor: Leather armour    ||    11
Dodge: Dodged            ||    32

Table legend: (Time is in decaauts)
 A = Elapsed time spent in this place.
 B = Non-inter-level travel time spent in this place.
 C = Inter-level travel time spent in this place.
 D = Time resting spent in this place.
 E = Time spent auto-exploring this place.
 F = Levels seen in this place.
 G = Mean time per level.
                   A        B        C        D        E       F      G
               +--------+--------+--------+--------+--------+-----+--------+
         Total |   1303 |   1282 |     21 |    165 |    823 |   2 |  651.5 |
       Dungeon |   1303 |   1282 |     21 |    165 |    823 |   2 |  651.5 |
               +--------+--------+--------+--------+--------+-----+--------+

Top non-repeatable levels by time:
     D:2: 787 daAuts
     D:1: 515 daAuts
